 Dungeon Crawl Stone Soup version 0.27.0-1-g7a089689b8 (webtiles) character file.

Game seed: 9467244539705069050

14 Spectrina the Magician (level 2, 0/21 HPs)
             Began as a Djinni Necromancer on Aug 17, 2021.
             Was a Plaything of Xom.
             Slain by a ball python (2 damage)
             ... on level 1 of the Dungeon.
             The game lasted 00:01:39 (198 turns).

Spectrina the Magician (Djinni Necromancer)          Turns: 198, Time: 00:01:39

Health: 0/21       AC:  2    Str:  7    XL:     2   Next: 55%
Gold:   6          EV: 12    Int: 16    God:    Xom [..*...] SH:  0 Dex: 13

rFire    + + .     SeeInvis .   (no weapon)
rCold    x . .     Faith    .   (no shield)
rNeg     . . .     Spirit   .   a - +0 robe
rPois    ∞         Reflect  .   (no helmet)
rElec    .         Harm     .   (no cloak)
rCorr    .         Rampage  .   (no gloves)
Will     .....                  (boots unavailable)
Stlth    ++........             (no amulet)
HPRegen  0.07/turn              (no ring)
MPRegen  0.00/turn              (no ring)

@: mighty, brilliant, flying
A: sickness immunity, fire resistance 2, cold vulnerability 1, float, innate
caster, hp casting, extra vitality 1
a: Renounce Religion


You were on level 1 of the Dungeon.
You worshipped Xom.
You were a toy of Xom.
You visited 1 branch of the dungeon, and saw 1 of its levels.

You collected 6 gold pieces.

Inventory:

Missiles
 b - 26 bolts
 d - 28 sling bullets
 e - 45 stones
Armour
 a - a +0 robe (worn)


   Skills:
 - Level 2.1 Dodging
 - Level 1.5 Stealth
 + Level 3.7 Spellcasting


You couldn't memorise any spells.
You knew the following spells:

 Your Spells              Type           Power      Damage    Failure   Level
a - Pain                  Necr           88%        1d8       3%          1
d - Animate Dead          Necr           11%        N/A       36%         4
e - Agony                 Necr           22%        N/A       71%         5
f - Vampiric Draining     Necr           11%        2d7       11%         3
p - Animate Skeleton      Necr           44%        N/A       3%          1
Your spell library was empty.

Dungeon Overview and Level Annotations

Branches:
Dungeon (1/15)

Altars:
Xom


Innate Abilities, Weirdness & Mutations

You are immune to sickness and miasma.
You are immune to poison.
Your flesh is very heat resistant. (rF++)
You are vulnerable to cold. (rC-)
You float through the air rather than walking.
You learn spells naturally, not from books.
Your magical power is your life essence.
You have superior vitality. (+4 HP)


Message History

Confirm with . or Enter, or press ? or * to list all spells.
Aiming: Pain (safe; 3% risk of failure)
Press: ? - help, Shift-Dir - straight line, f - ball python
Aim: a ball python (wandering, hasn't noticed you, chance to affect: 85%)
The ball python hisses angrily.
The ball python writhes in agony.
You kill the ball python!
* * * LOW HITPOINT WARNING * * *
Found a faded altar of an unknown god.
e - 45 stones (gained 18) Unknown command.
A bat comes into view.
Casting: Pain (safe; 3% risk of failure)
Confirm with . or Enter, or press ? or * to list all spells.
You don't have enough health to cast this spell.
Unknown command.
The bat completely misses you.
It was a potion of brilliance.
You feel clever all of a sudden. The bat barely misses you.
Unknown command.
Casting: Pain (safe; 3% risk of failure)
Confirm with . or Enter, or press ? or * to list all spells.
Aiming: Pain (safe; 3% risk of failure)
Press: ? - help, Shift-Dir - straight line, f - bat
Aim: a bat (chance to affect: 91%)
You feel a surge of power!
The bat writhes in agony.
You kill the bat!
* * * LOW HITPOINT WARNING * * *
You now have 6 gold pieces (gained 2).
There is a faded altar of an unknown god here.
You cannot tell which god this altar belongs to.
Convert to them anyway?
Xom accepts your prayer! Xom welcomes you!
Xom is very intrigued!
The ball python hisses angrily. "Go forth and destroy!"
You feel very mighty all of a sudden. The ball python bites you.
You die...

#..#._.#..##
###...#.#....####
.......#.........
####.......†..###
####.#.....#####
#.#.........#
#.#...†.###>#
#####.#.....# #.#
#.S@....#.### #.#
#.###.###.# #.# #. #.#
#.#####.# #. #.#
#....##.#
..####.###.######.##.####
...........#.............
#............####.##.###.
##.########### #.##.# #.#
#.##.#


You could see a ball python.

Vanquished Creatures
  A dart slug (D:1)
  A bat (D:1)
  An endoplasm (D:1)
  A giant cockroach (D:1)
  3 hobgoblins (D:1)
  A kobold (D:1)
  A ball python (D:1)
  A rat (D:1)
10 creatures vanquished.

Notes
Turn   | Place    | Note
-------+----------+-------------------------------------------
     0 | D:1      | Spectrina the Djinni Necromancer began the quest for the
                  | Orb.
     0 | D:1      | Reached XP level 1. HP: 15/15 MP: 0/0
    28 | D:1      | Reached XP level 2. HP: 1/21 MP: 0/0
   167 | D:1      | Found a faded altar of an unknown god.
   186 | D:1      | Became a worshipper of Xom of Chaos
   197 | D:1      | XOM: potion effect (might)
   198 | D:1      | Slain by a ball python

Illustrated notes

Levels and vault maps discovered:
D:1:      heliophobic_arrival_enchanted_forest, layout_loops_ring,
          chequers_ecumenical_altar_simple_redux

Action                   || total
-------------------------++-------
 Cast: Pain              ||    14
  Use: Potion            ||     1
Dodge: Dodged            ||     2
